 Dungeon Crawl Stone Soup version 0.29.1-13-g9f3cf754e1 (webtiles) character file.

Game seed: 17541175218002450308

6 theswoord the Chiller (level 1, -2/15 HPs)
             Began as a Naga Ice Elementalist on Feb 1, 2023.
             Slain by a quokka (4 damage)
             ... on level 1 of the Dungeon.
             The game lasted 00:00:25 (342 turns).

theswoord the Chiller (Naga Ice Elementalist)        Turns: 342, Time: 00:00:27

Health: -2/15      AC:  1    Str: 10    XL:     1   Next: 90%
Magic:  1/3        EV:  9    Int: 15    God:
Gold:   21         SH:  0    Dex: 11    Spells: 3/4 levels left

rFire   . . .      SeeInvis +   (no weapon)
rCold   . . .      Faith    .   (no shield)
rNeg    . . .      Spirit   .   a - +0 robe
rPois   +          Reflect  .   (no helmet)
rElec   .          Harm     .   (no cloak)
rCorr   .          Rampage  .   (no gloves)
Will    .....                   (no barding)
Stlth   ++........              (no amulet)
HPRegen 0.05/turn               (no ring)
MPRegen 0.08/turn               (no ring)

@: short of breath, very slightly contaminated, very slow
A: AC +0, large, see invisible, deformed body, poison resistance, slowness 2,
spit poison 1, naga tail 1
a: Spit Poison


You were on level 1 of the Dungeon.
You visited 1 branch of the dungeon, and saw 1 of its levels.

You collected 21 gold pieces.

Inventory:

Armour
 a - a +0 robe (worn)
Scrolls
 c - a scroll of acquirement {unknown}
 d - a scroll of teleportation {unknown}
Potions
 b - 2 potions of magic


   Skills:
 - Level 1.5 Dodging
 - Level 3.0 Stealth
 + Level 2.2 Spellcasting
 + Level 4.1 Ice Magic


You had 3 spell levels left.
You knew the following spells:

 Your Spells              Type           Power      Damage    Failure   Level
a - Freeze                Ice            56%        1d7       4%          1

Your spell library contained the following spells:

 Spells                   Type           Power      Damage    Failure   Level
 Frozen Ramparts          Ice            28%        1d5       12%         3
 Ozocubu's Armour         Ice            14%        N/A       12%         3
 Hailstorm                Conj/Ice       7%         3d4       67%         4


Dungeon Overview and Level Annotations

Branches:
Dungeon (1/15)

Altars:


Innate Abilities, Weirdness & Mutations

Your serpentine skin is tough. (AC +0)
You have supernaturally acute eyesight. (SInv)
Armour fits poorly on your strangely shaped body.
Your system is resistant to poisons. (rPois)
You cover ground very slowly.
You can spit poison.
You have a snake-like lower body.


Message History

You now have 21 gold pieces (gained 9).
b - 2 potions of magic (gained 1)
A hobgoblin and a quokka come into view.
There are monsters nearby!
There are monsters nearby!
There are monsters nearby!
Found 3 stones and a ring mail.
Found a stone staircase leading down.
Found 13 gold pieces.
You hit the quokka but do no damage. The quokka bites you.
You completely miss the quokka. The quokka bites you.
You hit the quokka but do no damage. The quokka bites you.
* * * LOW HITPOINT WARNING * * *
The quokka closely misses you. The hobgoblin barely misses you.
Casting: Freeze (safe; 4% risk of failure)
Confirm with . or Enter, or press ? or * to list all spells.
Aiming: Freeze (safe; 4% risk of failure)
Press: ? - help, Shift-Dir - straight line, f - quokka
Aim: a quokka You freeze the quokka.
The quokka is lightly wounded.
The quokka bites you.
* * * LOW HITPOINT WARNING * * *
The hobgoblin hits you.
* * * LOW HITPOINT WARNING * * *
Aiming: Freeze (safe; 4% risk of failure)
Press: ? - help, Q - select action, (/) - cycle Shift-Dir - straight line, f/p - quokka
Aim: a quokka (lightly wounded)
You miscast Freeze.
You are very lightly contaminated with residual magic.
Nothing appears to happen.
The quokka closely misses you. The hobgoblin completely misses you.
Okay, then.
Aiming: Spit Poison (3% risk of failure)
Press: ? - help, Shift-Dir - straight line, f - hobgoblin, p - quokka
Aim: a hobgoblin (53% to hit)
The splash of poison hits the hobgoblin.
The hobgoblin is poisoned.
The hobgoblin is heavily wounded.
The quokka bites you.
You die...

######+######
#.## #.######
#..# #.#
##.###.# ##
#..#..# #..
##...## #.>.
#####..##
...(.##......#
#.......####.#
......r@# #.#
......#g...#.#
#...#......#.#
#.. #.##...#.#
#. #. ####.. [
. .. .$ ..


You could see a quokka and a hobgoblin (poisoned).

Vanquished Creatures
  A dart slug (D:1)
  2 hobgoblins (D:1)
  A rat (D:1)
4 creatures vanquished.

Notes
Turn   | Place    | Note
-------+----------+-------------------------------------------
     0 | D:1      | theswoord the Naga Ice Elementalist began the quest for the
                  | Orb.
     0 | D:1      | Reached XP level 1. HP: 15/15 MP: 3/3
   342 | D:1      | Slain by a quokka

Action                   || total
-------------------------++-------
Melee: Unarmed           ||    11
 Cast: Freeze            ||     8
 Abil: Spit Poison       ||     1
Armor: Robe              ||     1
Dodge: Dodged            ||    10

Levels and vault maps discovered:
D:1:      psy_arrival_statuary, layout_rooms,
          hellmonk_ecumenical_altar_lost_god, minmay_misc_feat_encased,
          st_stairs_5
